 Dungeon Crawl Stone Soup version 0.30-a0-311-gf115ab0292 (webtiles) character file.

Game seed: 15762027102234699384

3 koil the Sneak (level 1, -1/9 HPs)
             Began as a Spriggan Venom Mage on Oct 25, 2022.
             Slain by a kobold
             ... wielding a +0 dagger
              (2 damage)
             ... on level 1 of the Dungeon.
             The game lasted 00:00:45 (74 turns).

koil the Sneak (Spriggan Venom Mage)                  Turns: 74, Time: 00:00:46

Health: -1/9       AC:  2    Str:  4    XL:     1   Next: 41%
Magic:  5/5        EV: 17    Int: 16    God:
Gold:   12         SH:  0    Dex: 15    Spells: 4/5 levels left

rFire   . . .      SeeInvis +    a - +0 dagger
rCold   . . .      Faith    .    (no shield)
rNeg    . . .      Spirit   .    d - +0 robe
rPois   .          Reflect  .    (helmet restricted)
rElec   .          Harm     .    (no cloak)
rCorr   .          Rampage  .    (gloves unavailable)
Will    .....                    (boots unavailable)
Stlth   ++........               (no amulet)
HPRegen 0.21/turn                (no ring)
MPRegen 0.09/turn                (no ring)

@: very quick
A: very small, no large weapons, unfitting armour, see invisible, speed 3
a: no special abilities


You were on level 1 of the Dungeon.
You visited 1 branch of the dungeon, and saw 1 of its levels.

You collected 12 gold pieces.

Inventory:

Hand Weapons
 a - a +0 dagger (weapon)
Armour
 d - a +0 robe (worn)
Scrolls
 c - a scroll of torment {unknown}
Potions
 b - a potion of magic


   Skills:
 + Level 0.1 Short Blades
 + Level 2.7 Dodging
 + Level 3.0 Stealth
 + Level 2.7 Spellcasting
 + Level 1.4 Transmutations
 + Level 3.0 Poison Magic


You had 4 spell levels left.
You knew the following spells:

 Your Spells              Type           Power      Damage    Failure   Level
a - Sting                 Tmut/Pois      36%        1d4       8%          1

Your spell library contained the following spells:

 Spells                   Type           Power      Damage    Failure   Level
 Poisonous Vapours        Pois/Air       14%        N/A       16%         2
 Mephitic Cloud           Conj/Pois/Air  5%         N/A       36%         3
 Olgreb's Toxic Radiance  Pois           12%        N/A       47%         4


Dungeon Overview and Level Annotations

Branches:
Dungeon (1/15)

Altars:


Innate Abilities, Weirdness & Mutations

You are very small and have problems with some larger weapons.
You are too small for most types of armour.
You have supernaturally acute eyesight. (SInv)
You cover ground extremely quickly. (Speed+++)


Message History

The bat barely misses you.
You closely miss the jackal. The bat completely misses you.
The bat barely misses you. The jackal completely misses you.
You closely miss the jackal. The bat closely misses you. The jackal bites you.
* * * LOW HITPOINT WARNING * * *
You hit the jackal.
The jackal is severely wounded.
The bat completely misses you. The bat closely misses you.
The jackal misses you.
The rat twitches its whiskers.
The jackal completely misses you.
You hit the jackal.
You kill the jackal!
The bat barely misses you.
You swing at nothing.
The bat completely misses you.
You hit the kobold but do no damage. The bat closely misses you.
The rat completely misses you. The kobold completely misses you.
You barely miss the kobold. The bat completely misses you.
The rat closely misses you. The kobold misses you.
You barely miss the kobold. The bat barely misses you.
The hobgoblin misses you. The rat barely misses you.
The kobold closely misses you.
You hit the kobold.
The kobold is severely wounded.
The bat closely misses you. The hobgoblin closely misses you.
The rat bites you. The kobold closely misses you.
You closely miss the kobold.
The kobold is severely wounded.
The bat hits you but does no damage. The hobgoblin barely misses you.
The rat closely misses you. The kobold completely misses you.
You miss the kobold.
The kobold is severely wounded.
The bat misses you. The hobgoblin completely misses you.
The rat closely misses you. The kobold closely misses you.
You hit the kobold but do no damage.
The kobold is severely wounded.
The bat closely misses you. The hobgoblin hits you.
* * * LOW HITPOINT WARNING * * *
The rat misses you. The kobold hits you with a +0 dagger.
You die...

..§≈≈≈≈§§§§≈≈.≈≈≈≈≈.≈
#.§§≈§...≈≈§...≈≈§...
#...≈.....≈.....≈§....≈.
#....§≈≈≈≈......§≈§≈§≈..
#...§.≈≈≈....<..§.≈≈§...
#.....≈...........≈.§..
#......≈≈≈§§.§≈≈≈≈..§..
#.#....§≈≈§r§.§≈≈.....#
##....§§@g§..≈.....#
##....Kb§≈≈§.....##
##.....§§≈§....##
#.......§.....##
........#..........##
..........#.####.###
........###)# #..###
........###.#####...##.#
..........Krg.b........#


You could see a hobgoblin, a bat, a kobold and a rat.

Vanquished Creatures
  2 jackals (D:1)
  A kobold (D:1)
3 creatures vanquished.

Notes
Turn   | Place    | Note
-------+----------+-------------------------------------------
     0 | D:1      | koil the Spriggan Venom Mage began the quest for the Orb.
     0 | D:1      | Reached XP level 1. HP: 9/9 MP: 5/5
    74 | D:1      | Slain by a kobold

Illustrated notes

Levels and vault maps discovered:
D:1:      onia_arrival_pyramid, layout_rooms

Action                   || total
-------------------------++-------
Melee: Dagger            ||    27
Armor: Robe              ||     3
Dodge: Dodged            ||    56

Table legend: (Time is in decaauts)
 A = Elapsed time spent in this place.
 B = Non-inter-level travel time spent in this place.
 C = Inter-level travel time spent in this place.
 D = Time resting spent in this place.
 E = Time spent auto-exploring this place.
 F = Levels seen in this place.
 G = Mean time per level.
                   A        B        C        D        E       F      G
               +--------+--------+--------+--------+--------+-----+--------+
         Total |     56 |     56 |      0 |      0 |      1 |   1 |   56.0 |
       Dungeon |     56 |     56 |      0 |      0 |      1 |   1 |   56.0 |
               +--------+--------+--------+--------+--------+-----+--------+

Top non-repeatable levels by time:
     D:1: 56 daAuts
